Map: New Repugnancy LE

Players

Zanster

  • Race: Zerg Zerg
  • Spawn Location: 7:00

OGZest (Zest) - Winner!

  • Race: Protoss Protoss
  • Spawn Location: 1:00

Event: HomeStory Cup XIX

VOD

Have the link to the VOD?

Description

Time

  • Played on: June 28, 2019, 5:09 p.m.
  • Length: 5:56

All games in this series

Show
View Real Time Build Order
Export as new Build Order

Zanster Zerg 

Build Orders: Pool First 

Get SALT Encoding   

  12  0:00  Drone  
  13  0:12  Overlord  
  13  0:16  Drone  
  14  0:30  Drone x2  
  14  0:34  Drone  
  17  0:44  Extractor  
  17  0:49  Drone, Spawning Pool  
  16  0:56  Drone  
  17  1:06  Drone  
  18  1:23  Hatchery  
  17  1:36  Zergling x4  
  17  1:39  Zergling x2  
  20  1:44  Metabolic Boost  
  20  1:52  Queen  
  22  2:00  Overlord  
  22  2:20  Zergling x4  
  24  2:23  Zergling x2  
  25  2:37  Queen, Spine Crawler  
  25  2:39  Spine Crawler  
  25  2:43  Zergling x2  
  26  2:46  Zergling x2  
  26  2:48  Zergling x2  
  28  2:54  Zergling x2  
  28  2:58  Zergling x2  
  28  2:59  Zergling x2  
  28  3:03  Zergling x2  
  31  3:08  Zergling x2  
  32  3:19  Zergling x6  
  31  3:27  Queen  
  33  3:34  Zergling x2  
  33  3:35  Zergling x2  
  35  3:41  Overlord  
  34  3:50  Zergling x2  
  34  3:51  Zergling x2  
  32  3:57  Zergling x4  
  32  4:01  Zergling x2  
  29  4:08  Zergling x4  
  29  4:14  Zergling x2  
  29  4:15  Zergling x2  
  27  4:26  Zergling x4  
  26  4:35  Zergling x8  
  26  4:46  Zergling x6  
  28  4:57  Zergling x4  
  23  5:06  Queen  
  24  5:10  Zergling x2  
  24  5:11  Zergling x2  
  23  5:19  Zergling x4  
  24  5:29  Zergling x4  
Show
View Real Time Build Order
Export as new Build Order

OGZest Protoss - Winner!

Build Orders: 1 Gate Expand 

Get SALT Encoding   

  12  0:00  Probe  
  13  0:12  Probe  
  14  0:17  Pylon  
  14  0:24  Probe  
  15  0:32  Probe  
  15  0:38  Gateway  
  15  0:40  Probe  
  16  0:48  Assimilator  
  17  0:51  Probe  
  18  1:03  Probe  
  19  1:15  Probe  
  20  1:25  Cybernetics Core  
  20  1:34  Nexus  
  20  1:38  Probe  
  21  1:44  Pylon  
  21  1:50  Probe  
  21  1:52  Assimilator, Adept  
  22  1:59  Warp Gate  
  22  2:02  Probe  
  25  2:14  Probe  
  26  2:16  Stalker  
  26  2:17  Assimilator  
  28  2:29  Forge  
  28  2:34  Shield Battery  
  28  2:40  Gateway  
  28  2:46  Stalker  
  30  3:03  Photon Cannon  
  30  3:06  Shield Battery  
  30  3:25  Photon Cannon  
  32  3:29  Sentry  
  32  3:36  Photon Cannon  
  32  3:40  Gateway  
  32  3:46  Photon Cannon  
  26  4:03  Sentry  
  26  4:16  Pylon  
  26  4:26  Gateway  
  26  4:33  Pylon  
  26  4:41  Sentry  
  20  5:06  Zealot x2  
  23  5:07  Probe  
  21  5:18  Probe  
  22  5:22  Pylon  
  22  5:24  Zealot x2  
  22  5:26  Probe  
  22  5:27  Probe  
  28  5:44  Cybernetics Core  
Tags
 
Add a new tag
Caveats
  • Supply blocks, unpowered buildings, or Contaminate may cause inaccurate times.
  • Supply counts are checked every 10 seconds.